 Dungeon Crawl Stone Soup version 0.28-a0-691-gad6df49 (webtiles) character file.

Game seed: 750667354923642206

1495 Geeful the Skirmisher (level 8, -7/63 HPs)
             Began as a Demonspawn Monk on Oct 20, 2021.
             Mangled by a chaos spawn (13 damage)
             ... summoned by a kobold demonologist
             ... on level 5 of the Dungeon.
             The game lasted 00:15:15 (6562 turns).

Geeful the Skirmisher (Demonspawn Monk)             Turns: 6562, Time: 00:15:16

Health: -7/63      AC: 14    Str: 19    XL:     8   Next: 51%
Magic:  8/8        EV: 12    Int: 13    God:
Gold:   161        SH:  6    Dex: 15    Spells: 7/7 levels left

rFire   . . .      SeeInvis .     - Unarmed
rCold   + + .      Faith    .   h - +1 buckler
rNeg    . . .      Spirit   .   b - +0 scale mail
rPois   .          Reflect  .   (helmet restricted)
rElec   .          Harm     .   (no cloak)
rCorr   .          Rampage  .   (no gloves)
Will    .....                   (no boots)
Stlth   +.........              (no amulet)
HPRegen 0.20/turn               e - +4 ring of protection
MPRegen 0.11/turn               i - ring "Seiby" {rC++ Str+6}

@: lethally poisoned (-7 -> -19)
A: horns 1, yellow scales 2
a: no special abilities


You were on level 5 of the Dungeon.
You visited 1 branch of the dungeon, and saw 5 of its levels.
You also visited: Ossuary.

You collected 203 gold pieces.
You spent 42 gold pieces at shops.

Inventory:

Armour
 b - a +0 scale mail (worn)
 h - a +1 buckler (worn)
Jewellery
 e - a +4 ring of protection (left hand)
 i - the ring "Seiby" (right hand) {rC++ Str+6}
   (You found it on level 4 of the Dungeon)

   [ring of strength]

   Str:       It affects your strength (+6).
   rC:        It greatly protects you from cold.
 o - a +6 ring of dexterity
Wands
 p - a wand of acid (11)
Scrolls
 k - a scroll of fear
 n - a scroll of immolation
Potions
 a - a potion of brilliance
 c - a potion of cancellation
 d - 2 potions of flight
 f - 4 potions of heal wounds
 g - 2 potions of ambrosia
 j - a potion of might
 l - 2 potions of curing
 m - a potion of haste


   Skills:
 + Level 5.6 Fighting
 + Level 4.1 Armour
 + Level 5.1 Dodging
 - Level 1.7 Stealth
 - Level 4.0 Shields
 + Level 5.1 Unarmed Combat


You had 7 spell levels left.
You didn't know any spells.
Your spell library contained the following spells:

 Spells                   Type           Power      Damage    Failure   Level
 Summon Forest            Summ/Tloc      0%         N/A       100%        5
 Eringya's Noxious Bog    Tmut/Pois      0%         N/A       100%        6
 Summon Hydra             Summ           0%         N/A       100%        7


Dungeon Overview and Level Annotations

Branches:
Dungeon (5/15)            Ossuary (visited)
 Temple: D:4-7

Altars:
Qazlal
Trog
Yredelemnul
Zin

Shops:
D:3 !


Innate Abilities, Weirdness & Mutations

You have a pair of small horns on your head.
You are mostly covered in yellow scales. (AC +3)


Message History

The chaos spawn gibbers incoherently in a cacophony of voices.
You block the chaos spawn's attack.
The orange demon stings you but does no damage.
The kobold demonologist hits you but does no damage.
You punch the kobold demonologist! You headbutt the kobold demonologist!
The kobold demonologist is severely wounded.
The chaos spawn hits you but does no damage.
The orange demon stings you from afar.
You are poisoned.
The orange demon poisons you!
You hit the kobold demonologist.
Your headbutt misses the kobold demonologist.
The kobold demonologist is severely wounded.
You feel very sick.
You block the kobold demonologist's attack.
The chaos spawn hits you. The chaos spawn freezes you. You resist.
The orange demon stings you from afar!
You closely miss the kobold demonologist.
Your headbutt misses the kobold demonologist.
The kobold demonologist is severely wounded.
* * * LOW HITPOINT WARNING * * *
You feel very sick.
The kobold demonologist casts a spell.
The chaos spawn hits you but does no damage.
You hit the kobold demonologist but do no damage.
The kobold demonologist is severely wounded.
* * * LOW HITPOINT WARNING * * *
You feel very sick. The orange demon misses you.
The kobold demonologist hits you but does no damage.
You block the chaos spawn's attack.
You hit the kobold demonologist but do no damage.
The kobold demonologist is severely wounded.
* * * LOW HITPOINT WARNING * * *
You feel very sick. The orange demon stings you from afar.
* * * LOW HITPOINT WARNING * * *
The kobold demonologist hits you but does no damage.
The chaos spawn gores you!
You die...

....# .#######..#..#
####.# .... ..
#...#.#############
###.........#......#
.........)..........#
######.#####.#......#
#.# #...##### ..#
#.### ###..##
#....###>..## ##..#
#.4K@##..# ##.#
#.4♣4###.# #.##
#._..###.######..#
#..♣.#(......#..##
#.............##
............###
.............#
######.######## #.#


You could see an orange demon (summoned), a kobold demonologist and 2 chaos
spawn.

Vanquished Creatures
  A black bear (D:4)
  9 scorpions
  2 centaur zombies (Ossuary)
  3 human zombies (Ossuary)
  4 hounds
  An orc priest (D:3)
  A bullfrog skeleton (D:5)
  A jelly (D:4)
  An iguana (D:5)
  8 scorpion zombies (Ossuary)
  A hound skeleton (D:5)
  3 mummies (Ossuary)
  13 adders
  A howler monkey skeleton (D:4)
  3 worms
  3 dart slugs (D:1)
  6 orcs
  10 ball pythons
  3 endoplasms
  2 giant cockroaches
  A gnoll zombie (Ossuary)
  9 goblins
  5 hobgoblins
  6 jackals
  5 quokkas
  10 bats
  7 frilled lizards
  A goblin zombie (Ossuary)
  3 hobgoblin zombies (Ossuary)
  2 kobolds
  A kobold zombie (Ossuary)
  3 orc zombies (Ossuary)
  5 rats
134 creatures vanquished.

Notes
Turn   | Place    | Note
-------+----------+-------------------------------------------
     0 | D:1      | Geeful the Demonspawn Monk began the quest for the Orb.
     0 | D:1      | Reached XP level 1. HP: 18/18 MP: 1/1
   145 | D:1      | Gained mutation: You have a pair of small horns on your
                  | head. [demonic ancestry]
   145 | D:1      | Reached XP level 2. HP: 20/24 MP: 2/2
   500 | D:1      | Reached skill level 1 in Armour
   643 | D:1      | Gained mutation: You are partially covered in yellow
                  | scales. (AC +2) [demonic ancestry]
   643 | D:1      | Reached XP level 3. HP: 29/29 MP: 3/3
   869 | D:1      | Found a faded altar of an unknown god.
  1423 | D:2      | Gained mutation: You are mostly covered in yellow scales.
                  | (AC +3) [demonic ancestry]
  1423 | D:2      | Reached XP level 4. HP: 35/35 MP: 4/4
  2373 | D:3      | Found Itwoad's Distillery.
  2423 | D:3      | Bought a potion of curing for 42 gold pieces
  2462 | D:3      | Reached skill level 1 in Shields
  2566 | D:3      | Reached XP level 5. HP: 38/42 MP: 5/5
  2801 | D:3      | Found a basalt altar of Yredelemnul.
  3256 | D:4      | Found a stormy altar of Qazlal.
  3425 | D:4      | Reached XP level 6. HP: 39/48 MP: 6/6
  4204 | D:4      | Identified the ring "Seiby" {rC++ Str+6}
  4602 | D:5      | Entered Level 5 of the Dungeon
  4618 | D:5      | Noticed a kobold demonologist
  4619 | D:5      | Found a bloodstained altar of Trog.
  4619 | D:5      | Noticed a rust devil
  4629 | D:5      | Noticed a soul eater
  4630 | D:5      | Noticed a sun demon
  4708 | D:5      | Reached XP level 7. HP: 30/54 MP: 7/7
  4936 | D:5      | Found a sand-covered staircase.
  4950 | Ossuary  | Entered an ossuary
  5592 | Ossuary  | Reached skill level 5 in Fighting
  5592 | Ossuary  | Reached XP level 8. HP: 59/62 MP: 8/8
  6036 | Ossuary  | Reached skill level 5 in Dodging
  6036 | Ossuary  | Reached skill level 5 in Unarmed Combat
  6549 | D:5      | Noticed an orange demon
  6562 | D:5      | Mangled by a chaos spawn

Illustrated notes

Levels and vault maps discovered:
D:1:      lightli_arrival_farm, layout_rooms,
          dreamdust_ecumenical_altar_hidden_monk_grotto
D:2:      layout_basic, serial_bayou_ford_a, kennysheep_generic_room_16
D:3:      layout_rooms, yredelemnul_altar_generic, serial_shops,
          nicolae_square_shop, kennysheep_big_empty_room
D:4:      layout_basic, old_standard_altar, nicolae_qazlal_scattered_showers,
          chequers_serial_rivers_micro_b
D:5:      layout_rooms, enter_ossuary_3, minmay_shop_mass,
          grunt_decor_mini_mirrors, chequers_serial_rivers_micro_e,
          minmay_crystal_room, hangedman_feature_mirror

Skill      XL: |  1  2  3  4  5  6  7  8 |
---------------+-------------------------+-----
Dodging        | 3 4 5 |  5.1
Armour         | 1 2 3 4 |  4.1
Unarmed Combat | 3 4 5 |  5.1
Shields        | 1 3 4 |  4.0
Fighting       | 4 5 |  5.6
Stealth        | |  1.7

Action                   |  1- 3 |  4- 6 |  7- 9 || total
-------------------------+-------+-------+-------++-------
Melee: Unarmed           |   149 |   315 |   327 ||   791
       Headbutt          |    14 |    57 |    72 ||   143
       Punch             |     2 |     2 |       ||     4
  Use: Scroll            |       |     8 |     7 ||    15
       Potion            |       |       |     1 ||     1
 Stab: Sleeping          |     1 |       |       ||     1
Armor: Robe              |     9 |       |       ||     9
       Scale mail        |    42 |   170 |   114 ||   326
Dodge: Dodged            |    91 |   181 |   128 ||   400
Block: Buckler           |       |    11 |    48 ||    59

Table legend: (Time is in decaauts)
 A = Elapsed time spent in this place.
 B = Non-inter-level travel time spent in this place.
 C = Inter-level travel time spent in this place.
 D = Time resting spent in this place.
 E = Time spent auto-exploring this place.
 F = Levels seen in this place.
 G = Mean time per level.
                   A        B        C        D        E       F      G
               +--------+--------+--------+--------+--------+-----+--------+
         Total |   6541 |   6315 |    226 |   1255 |   3481 |   6 | 1090.2 |
       Dungeon |   5060 |   4834 |    226 |    317 |   3438 |   5 | 1012.0 |
       Ossuary |   1481 |   1481 |      0 |    937 |     43 |   1 | 1481.0 |
               +--------+--------+--------+--------+--------+-----+--------+

Top non-repeatable levels by time:
 Ossuary: 1481 daAuts
     D:4: 1362 daAuts
     D:2: 1117 daAuts
     D:3: 1114 daAuts
     D:1: 1037 daAuts
     D:5: 429 daAuts
